Map: Winter Madness LE

Players

HoldTheDoor

  • Race: Protoss Protoss
  • League: Diamond
  • Spawn Location: 11:00

EasyOnMeBro - Winner!

  • Race: Protoss Protoss
  • League: Platinum
  • Spawn Location: 5:00

VOD

Have the link to the VOD?

Description

Time

  • Played on: May 3, 2026, 11:14 a.m.
  • Length: 3:44
Show
View Real Time Build Order
Export as new Build Order

HoldTheDoor Protoss 

Build Orders: Cannon Rush 

Get SALT Encoding   

  12  0:00  Probe  
  13  0:12  Probe  
  14  0:17  Pylon  
  14  0:24  Probe  
  15  0:36  Probe  
  15  0:38  Forge  
  16  0:48  Probe  
  17  0:54  Pylon  
  17  0:57  Assimilator  
  17  1:03  Assimilator  
  17  1:14  Pylon  
  17  1:23  Photon Cannon  
  17  1:40  Photon Cannon  
  17  1:41  Photon Cannon  
  17  1:48  Probe  
  18  1:57  Gateway  
  18  2:18  Pylon  
  18  2:22  Pylon  
  17  2:40  Probe  
  17  2:41  Zealot  
  18  2:45  Cybernetics Core  
  20  2:53  Probe  
  23  3:27  Probe  
  24  3:34  Pylon  
Show
View Real Time Build Order
Export as new Build Order

EasyOnMeBro Protoss - Winner!

Build Orders:  

Get SALT Encoding   

  12  0:02  Probe  
  13  0:16  Pylon  
  13  0:18  Probe  
  14  0:27  Probe  
  15  0:35  Probe  
  15  0:38  Gateway  
  16  0:45  Assimilator  
  16  0:46  Probe  
  17  0:55  Assimilator  
  17  1:14  Pylon  
  17  1:16  Pylon  
  17  1:17  Pylon  
  17  1:21  Probe  
  18  1:31  Cybernetics Core  
  18  1:41  Probe  
  20  1:54  Probe  
  20  1:56  Stalker  
  20  2:02  Gateway  
  22  2:23  Pylon  
  22  2:29  Stalker  
  22  2:43  Pylon  
  24  2:52  Stalker  
  26  2:58  Probe  
  26  3:00  Stalker  
  29  3:10  Probe  
  30  3:24  Probe  
  35  3:38  Pylon  
  35  3:39  Pylon  
Tags
 
Matchup
PvP
Replay Pack
SC2Mai2026
Spawn Locations
Cross Positions
Add a new tag
Caveats
  • Supply blocks, unpowered buildings, or Contaminate may cause inaccurate times.
  • Supply counts are checked every 10 seconds.